 Dungeon Crawl Stone Soup version 0.27.1-1-g398f81649c (webtiles) character file.

Game seed: 1549931166708480927

2662 pbellow the Cleaver (level 9, -2/78 HPs)
             Began as a Hill Orc Fighter on Sept 11, 2021.
             Succumbed to a killer bee's poison
             ... on level 7 of the Dungeon.
             The game lasted 00:20:03 (7737 turns).

pbellow the Cleaver (Hill Orc Fighter)              Turns: 7737, Time: 00:20:04

Health: -2/78      AC: 15    Str: 28    XL:     9   Next: 63%
Magic:  9/9        EV:  9    Int:  8    God:
Gold:   290        SH: 12    Dex:  8    Spells: 8/8 levels left

rFire    . . .     SeeInvis .   n - +2 war axe (vorpal)
rCold    . . .     Faith    .   c - +1 kite shield
rNeg     . . .     Spirit   .   b - +0 scale mail
rPois    .         Reflect  .   (no helmet)
rElec    .         Harm     .   (no cloak)
rCorr    .         Rampage  .   k - +0 pair of gloves
Will     .....     Clarity  +   h - +1 pair of boots
Stlth    ..........             (no amulet)
HPRegen  0.23/turn              l - +4 ring of protection
MPRegen  0.11/turn              m - +6 ring of strength

@: lethally poisoned (-2 -> -11)
A: clarity, clumsy 1, deterioration 1
a: no special abilities


You were on level 7 of the Dungeon.
You visited 1 branch of the dungeon, and saw 7 of its levels.

You collected 290 gold pieces.

Inventory:

Hand Weapons
 a - a +0 war axe of electrocution
 j - a +0 hand axe of electrocution
 n - a +2 vorpal war axe (weapon)
 u - a +0 spectral hand axe
Armour
 b - a +0 scale mail (worn)
 c - a +1 kite shield (worn)
 h - a +1 pair of boots (worn)
 k - a +0 pair of gloves (worn)
Magical Staves
 s - a staff of fire
Jewellery
 l - a +4 ring of protection (left hand)
 m - a +6 ring of strength (right hand)
Wands
 e - a wand of polymorph (3)
 f - a wand of flame (27)
 q - a wand of acid (2)
 t - a wand of mindburst (6)
Scrolls
 o - a scroll of fear
 p - 3 scrolls of identify
 r - a scroll of amnesia
Potions
 d - a potion of might
 i - 2 potions of haste


   Skills:
 + Level 6.8 Fighting
 + Level 10.5 Axes
 + Level 6.5 Armour
 + Level 2.8 Dodging
 + Level 1.1 Stealth
 + Level 7.4 Shields
 + Level 0.5 Evocations


You had 8 spell levels left.
You didn't know any spells.
Your spell library contained the following spells:

 Spells                   Type           Power      Damage    Failure   Level
 Beastly Appendage        Tmut           0%         N/A       93%         1
 Wereblood                Tmut           0%         N/A       98%         2
 Dazzling Flash           Conj/Hex       0%         N/A       100%        3
 Spider Form              Tmut/Pois      0%         N/A       100%        3
 Agony                    Necr           0%         N/A       100%        5
 Silence                  Hex/Air        0%         N/A       100%        5


Dungeon Overview and Level Annotations

Branches:
Dungeon (7/15)             Temple (0/1) D:4

Altars:
Ashenzari
Fedhas
Hepliaklqana
Kikubaaqudgha
Nemelex Xobeh
Okawaru
Trog
Yredelemnul
Zin

Shops:
D:1 (   D:2 ?   D:4 =   D:7 (


Innate Abilities, Weirdness & Mutations

You possess an exceptional clarity of mind.
You are clumsy. (Dex -2)
Your body sometimes deteriorates upon taking damage.


Message History

* * * LOW HITPOINT WARNING * * *
You are poisoned.
The killer bee poisons you!
You slash the killer bee!
You kill the killer bee!
You feel very sick. The killer bee stings you.
* * * LOW HITPOINT WARNING * * *
You are more poisoned.
The killer bee poisons you!
You hit the killer bee.
The killer bee is almost dead.
* * * LOW HITPOINT WARNING * * *
You feel very sick. The killer bee closely misses you.
The killer bee barely misses you.
The killer bee stings you but does no damage.
You miss the killer bee.
The killer bee is almost dead.
* * * LOW HITPOINT WARNING * * *
You feel very sick.
The killer bee stings you but does no damage.
You block the killer bee's attack.
You closely miss the killer bee.
The killer bee is almost dead.
You feel sick.
The killer bee stings you but does no damage.
The killer bee stings you.
* * * LOW HITPOINT WARNING * * *
You are more poisoned.
The killer bee poisons you!
You miss the killer bee.
The killer bee is almost dead.
* * * LOW HITPOINT WARNING * * *
You feel very sick.
The killer bee stings you but does no damage.
You block the killer bee's attack.
The killer bee stings you but does no damage.
You hit the killer bee.
You kill the killer bee!
You die...

###### #.....
#..... [.... ####
#.... .... ...
#.... ... #..#...
.. #.##.### #.
#......#### #.##
##.#.......#
#.@#####..#..†#####
##†..##..##.#†..###
###.##.....#.....#
#........####8##)#
#.......$..##.##.#
#....)...#.8.∩<8))
#........####.....
#####..### #8....
#.## #.....


There were no monsters in sight!

Vanquished Creatures
  Sigmund (D:4)
  A shadow (D:6)
  A steam dragon (D:7)
  A water moccasin (D:6)
  2 black bears (D:6)
  2 ice beasts
  An orc warrior (D:7)
  A sky beast (D:7)
  2 ogres (D:6)
  A necrophage (D:6)
  2 centaurs
  A bullfrog (D:7)
  3 scorpions
  4 killer bees (D:7)
  A centaur zombie (D:6)
  4 hounds
  A centaur skeleton (D:7)
  A jelly (D:4)
  Ijyb (D:4)
  5 iguanas
  4 orc wizards
  A killer bee zombie (D:6)
  A hound skeleton (D:4)
  A hound zombie (D:5)
  3 gnolls (D:2)
  11 adders
  A white imp (D:6)
  An ufetubus (D:6)
  4 worms
  2 dart slugs
  17 orcs
  11 endoplasms
  8 giant cockroaches
  5 hobgoblins
  6 quokkas
  9 ball pythons
  A bat (D:1)
  3 frilled lizards
  7 goblins
  10 kobolds
  5 rats
147 creatures vanquished.

Notes
Turn   | Place    | Note
-------+----------+-------------------------------------------
     0 | D:1      | pbellow the Hill Orc Fighter began the quest for the Orb.
     0 | D:1      | Reached XP level 1. HP: 19/19 MP: 1/1
   213 | D:1      | Reached XP level 2. HP: 27/27 MP: 2/2
   473 | D:1      | Found Welyuw's Antique Weapon Emporium.
   523 | D:1      | Reached skill level 3 in Axes
   846 | D:1      | Found a faded altar of an unknown god.
   899 | D:1      | Reached XP level 3. HP: 33/33 MP: 3/3
  1284 | D:2      | Reached XP level 4. HP: 40/40 MP: 4/4
  1303 | D:2      | Reached skill level 4 in Axes
  1531 | D:2      | Found an ancient bone altar of Kikubaaqudgha.
  1810 | D:2      | Found Ihaxyul's Magic Scroll Boutique.
  2200 | D:3      | Reached XP level 5. HP: 46/46 MP: 5/5
  2512 | D:3      | Gained mutation: You possess an exceptional clarity of
                  | mind. [potion of mutation]
  2512 | D:3      | Gained mutation: Your body sometimes deteriorates upon
                  | taking damage. [potion of mutation]
  2512 | D:3      | Gained mutation: You are clumsy. (Dex -2) [potion of
                  | mutation]
  2667 | D:3      | Reached skill level 5 in Axes
  3095 | D:4      | Noticed Sigmund
  3108 | D:4      | Killed Sigmund
  3109 | D:4      | Reached skill level 6 in Axes
  3109 | D:4      | Reached skill level 1 in Dodging
  3109 | D:4      | Reached XP level 6. HP: 39/53 MP: 6/6
  3641 | D:4      | Found a staircase to the Ecumenical Temple.
  3715 | D:4      | Reached XP level 7. HP: 59/60 MP: 7/7
  3721 | D:4      | Reached skill level 5 in Fighting
  4241 | D:4      | Noticed Ijyb
  4254 | D:4      | Killed Ijyb
  4255 | D:4      | Reached skill level 7 in Axes
  4637 | D:4      | Found Xiasix's Jewellery Shop.
  4796 | D:5      | Entered Level 5 of the Dungeon
  4813 | D:5      | Noticed a two-headed ogre
  5069 | D:5      | Reached skill level 5 in Armour
  5069 | D:5      | Reached skill level 5 in Shields
  5264 | D:5      | Found a bloodstained altar of Trog.
  5380 | D:5      | Found a basalt altar of Yredelemnul.
  5825 | D:6      | Reached skill level 8 in Axes
  5825 | D:6      | Reached XP level 8. HP: 42/69 MP: 8/8
  6417 | D:6      | Noticed a shadow
  6425 | D:6      | Killed a shadow
  6426 | D:6      | Reached skill level 9 in Axes
  6667 | D:6      | Reached XP level 9. HP: 74/75 MP: 9/9
  6994 | D:6      | Found a hazy altar of Hepliaklqana.
  6994 | D:6      | Found a blossoming altar of Fedhas.
  6994 | D:6      | Found a glowing silver altar of Zin.
  6994 | D:6      | Found a broken altar of Ashenzari.
  7016 | D:6      | Found a sparkling altar of Nemelex Xobeh.
  7016 | D:6      | Found an iron altar of Okawaru.
  7400 | D:7      | Reached skill level 10 in Axes
  7400 | D:7      | Reached skill level 1 in Stealth
  7534 | D:7      | Found Kyelauza's Antique Weapon Emporium.
  7736 | D:7      | HP: 1/78 [poisoned by a killer bee]
  7737 | D:7      | Succumbed to a killer bee's poison

Illustrated notes

Levels and vault maps discovered:
D:1:      evilmike_arrival_crescent, layout_basic,
          ebering_ecumenical_altar_abandoned, serial_shops, nicolae_shop_crystal
D:2:      layout_basic, basic_altar, serial_shops, shop,
          minmay_fractal_squares_5
D:3:      minmay_angry_zag, layout_basic, gup_sewer_entry_spiral
D:4:      minmay_spotlight, layout_loops_corners,
          minmay_temple_entry_from_below_a, serial_shops, kennysheep_mini,
          kennysheep_donut, uniq_sigmund, uniq_ijyb
D:5:      layout_basic, trog_three_pillars_becter, kennysheep_little_box,
          minmay_fountain_box, lightli_corner_chamber
D:6:      layout_basic, minmay_overflow_temple_hex, wad_rectangle_vault
D:7:      layout_rooms, led_xom_imps, elyvilon_altar_1, serial_shops,
          nicolae_shop_statue_plus, kennysheep_small_spiral

Skill      XL: |  1  2  3  4  5  6  7  8  9 |
---------------+----------------------------+-----
Axes           | 3 4 6 8 9 10 | 10.5
Fighting       | 4 5 6 |  6.8
Armour         | 4 5 6 |  6.5
Dodging        | 1 2 |  2.8
Shields        | 4 5 6 7 |  7.4
Stealth        | 1 |  1.1
Evocations     | |  0.5

Action                   |  1- 3 |  4- 6 |  7- 9 || total
-------------------------+-------+-------+-------++-------
Melee: War axe           |    94 |   151 |   218 ||   463
Evoke: Wand              |       |       |     4 ||     4
  Use: Scroll            |       |     8 |     5 ||    13
       Potion            |       |     5 |     3 ||     8
Armor: Scale mail        |    48 |    42 |   140 ||   230
Dodge: Dodged            |    29 |    42 |    74 ||   145
Block: Kite shield       |    61 |    79 |   178 ||   318
